 Dungeon Crawl Stone Soup version 0.31-a0-1074-g0b22e4e0f1 (webtiles) character file.

Game seed: 10906608824690183909

199 BubbleThief the Sneak (level 5, -3/28 HPs)
             Began as a Vampire Enchanter on Dec 5, 2023.
             Slain by an orc
             ... wielding a +0 hand axe
              (5 damage)
             ... on level 4 of the Dungeon.
             The game lasted 00:03:50 (2337 turns).

BubbleThief the Sneak (Vampire Enchanter)           Turns: 2337, Time: 00:03:50

Health: -3/28      AC:  3    Str:  7    XL:     5   Next: 48%
Magic:  1/8        EV: 12    Int: 18    God:
Gold:   200        SH:  0    Dex: 16    Spells: 6/8 levels left

rFire   . . .        a - +1 dagger
rCold   + + .        (no shield)
rNeg    + + +        b - +0 robe
rPois   ∞            (no helmet)
rElec   .            q - +0 cloak
rCorr   .            (no gloves)
SInv    +            (no boots)
Will    .....        (no amulet)
Stlth   +++++        (no ring)
HPRegen 0.00/turn    (no ring)
MPRegen 0.11/turn

%: no passive effects
@: bloodless, inhibited regen
A: bloodless, fangs 3, see invisible, vampiric 2
a: Bat Form, Revivify


You were on level 4 of the Dungeon.
You visited 1 branch of the dungeon, and saw 4 of its levels.

You collected 200 gold pieces.

Inventory:

Hand Weapons
 a - a +1 dagger (weapon)
Armour
 b - a +0 robe (worn)
 e - a +0 kite shield
 q - a +0 cloak (worn)
Jewellery
 f - a ring of poison resistance
 g - a +5 ring of evasion
 h - a +4 ring of protection
Wands
 n - a wand of flame (32)
Scrolls
 d - 2 scrolls of enchant weapon {unknown}
 i - 3 scrolls of teleportation {unknown}
 k - a scroll of blinking {unknown}
 m - 3 scrolls of identify {unknown}
 o - a scroll of revelation {unknown}
 p - a scroll of noise {unknown}
Potions
 c - 2 potions of invisibility
 j - a potion of might {unknown}
 l - 3 potions of mutation {unknown}
 r - a potion of ambrosia {unknown}


   Skills:
 + Level 3.5 Short Blades
 - Level 2.1 Dodging
 + Level 6.6 Stealth
 - Level 2.0 Spellcasting
 + Level 6.3 Hexes


You had 6 spell levels left.
You knew the following spells:

 Your Spells              Type           Power      Damage    Failure   Level
a - Ensorcelled Hibernat  Hex/Ice        26%        N/A       8%          2

Your spell library contained the following spells:

 Spells                   Type           Power      Damage    Failure   Level
 Confusing Touch          Hex            24%        N/A       4%          3
 Tukima's Dance           Hex            24%        N/A       4%          3
 Dazzling Flash           Conj/Hex       26%        N/A       16%         3


Dungeon Overview and Level Annotations

Branches:
Dungeon (4/15)
 Temple: D:4-7

Altars:
Okawaru
Ru
Wu Jian


Innate Abilities, Weirdness & Mutations

You do not regenerate when monsters are visible.
You are frail without blood (-20% HP).
You can heal yourself when you bite living creatures.
You are immune to poison.
You have razor-sharp teeth.
You have supernaturally acute eyesight. (SInv)
You are afflicted with vampirism and can become a bat while bloodless.


Message History

Aim: an orc priest, wielding a +0 mace of pain (68% to hit)
The puff of flame misses the orc priest.
The puff of flame hits the orc priest!
The orc priest is heavily wounded.
The orc priest hits you with a +0 mace of pain.
* * * LOW HITPOINT WARNING * * *
Unknown command.
Aiming: Throw Flame
Press: ? - help, Shift-Dir - straight line, p - orc priest The puff of flame hits the orc priest.
The orc priest is moderately wounded.
The orc priest hits you with a +0 mace of pain.
* * * LOW HITPOINT WARNING * * *
Unknown command.
Unknown command.
Unknown command.
Aiming: Throw Flame
Press: ? - help, Shift-Dir - straight line The puff of flame hits the orc priest.
The orc priest is heavily wounded.
The orc priest casts a cantrip, but nothing happens.
The orc closely misses you.
The orc priest casts a cantrip, but nothing happens.
Unknown command.
Unknown command.
Unknown command.
Aiming: Throw Flame
Press: ? - help, Shift-Dir - straight line The puff of flame misses the orc priest.
The puff of flame hits the orc priest!
You kill the orc priest!
The orc priest closely misses you. The orc closely misses you.
Unknown command.
Unknown command.
Unknown command.
You hit the orc priest.
The orc priest is severely wounded.
The orc priest casts a cantrip, but nothing happens.
The orc hits you with a +0 hand axe.
You die...

#### #..#?...... #
#..#...... # #..#......
### #..#..... #.#
#..#....# #.. #..#..<.#
#.# #..#.oo.# #.#
#..#..@.####### #.#
#..#...........# #.#
#..#...........# #..
#..#...........# #..
#..#...........###+###'
#..####.####...........
#..####.####...........
#..####.####...........
#..####.####...........


You could see an orc priest and an orc.

Vanquished Creatures
  An orc priest (D:4)
  Crazy Yiuf (D:3)
  Natasha (thrice) (D:3)
  3 adders
  A worm (D:2)
  A dart slug (D:2)
  5 endoplasms
  2 giant cockroaches
  2 goblins
  3 hobgoblins
  5 jackals
  A quokka (D:3)
  A bat (D:3)
  4 frilled lizards
  5 kobolds
  3 rats
41 creatures vanquished.

Notes
Turn   | Place    | Note
-------+----------+-------------------------------------------
     0 | D:1      | BubbleThief the Vampire Enchanter began the quest for the
                  | Orb.
     0 | D:1      | Reached XP level 1. HP: 13/13 MP: 3/3
   645 | D:2      | Reached XP level 2. HP: 15/15 MP: 5/5
   647 | D:2      | Identified the +1 chain mail of Idealism {Will+ Dex+3}
  1132 | D:2      | Reached skill level 5 in Stealth
  1135 | D:2      | Learned a level 2 spell: Ensorcelled Hibernation
  1377 | D:2      | Reached skill level 5 in Hexes
  1549 | D:3      | Noticed Natasha
  1556 | D:3      | Killed Natasha
  1557 | D:3      | Gained mutation: You are afflicted with vampirism and can
                  | become a bat while bloodless. [Vampire growth]
  1557 | D:3      | Reached XP level 3. HP: 19/19 MP: 6/6
  1601 | D:3      | Noticed Natasha
  1609 | D:3      | Killed Natasha
  1610 | D:3      | Reached XP level 4. HP: 21/24 MP: 3/7
  1672 | D:3      | Noticed Natasha
  1681 | D:3      | Killed Natasha
  1789 | D:3      | Found a sacrificial altar of Ru.
  1789 | D:3      | Found an iron altar of Okawaru.
  1789 | D:3      | Found an ornate altar of the Wu Jian Council.
  1955 | D:3      | Found a runed translucent door.
  1956 | D:3      | Noticed Crazy Yiuf
  1961 | D:3      | Killed Crazy Yiuf
  1962 | D:3      | Reached XP level 5. HP: 28/28 MP: 5/8
  2337 | D:4      | Slain by an orc

Illustrated notes

Levels and vault maps discovered:
D:1:      sevenhm_arrival_forest_fort_large_2, layout_rooms,
          wander_ebering_terrifying_dragon_lair
D:2:      layout_basic, columned_hall_lemuel
D:3:      layout_rooms, tso_altar, gammafunk_temple_overflow_forgotten,
          serial_bayou_lagoon_b, uniq_crazy_yiuf_cottage, uniq_natasha
D:4:      layout_gridville, grunt_temple_overflow_forces_of_nature,
          nicolae_vehumet_altar_sigil, serial_shops, shop, grunt_ministairs_3,
          chequers_serial_rivers_micro_a, reono_crystal_passage

Skill      XL: |  1  2  3  4 |
---------------+-------------+-----
Stealth        | 5 6 |  6.6
Short Blades   | 2 3 |  3.5
Hexes          | 5 6 |  6.3
Dodging        | |  2.1
Spellcasting   | |  2.0

Action                     |  1- 3 |  4- 6 || total
---------------------------+-------+-------++-------
  Melee: Dagger            |    67 |    38 ||   105
         Bite              |     8 |     2 ||    10
   Cast: Ensorcelled Hiber |     2 |     7 ||     9
Ability: Exsanguinate      |     1 |       ||     1
  Evoke: Wand              |       |     4 ||     4
   Stab: Sleeping          |    11 |     7 ||    18
 Armour: Robe              |    23 |    22 ||    45
  Dodge: Dodged            |    24 |    32 ||    56

Table legend: (Time is in decaauts)
 A = Elapsed time spent in this place.
 B = Non-inter-level travel time spent in this place.
 C = Inter-level travel time spent in this place.
 D = Time resting spent in this place.
 E = Time spent auto-exploring this place.
 F = Levels seen in this place.
 G = Mean time per level.
                   A        B        C        D        E       F      G
               +--------+--------+--------+--------+--------+-----+--------+
         Total |   2350 |   2226 |    124 |      0 |   1866 |   4 |  587.5 |
       Dungeon |   2350 |   2226 |    124 |      0 |   1866 |   4 |  587.5 |
               +--------+--------+--------+--------+--------+-----+--------+

Top non-repeatable levels by time:
     D:2: 912 daAuts
     D:3: 650 daAuts
     D:1: 623 daAuts
     D:4: 163 daAuts
